 Dungeon Crawl Stone Soup version 0.30-a0-691-g754fce4c43 (webtiles) character file.

Game seed: 12528628757302014830

3208 funkygono the Thaumaturge (level 9, -6/58 HPs)
             Began as a Demonspawn Fire Elementalist on Jan 19, 2023.
             Was a Follower of Vehumet.
             Succumbed to a kobold's poison
             ... on level 7 of the Dungeon.
             The game lasted 00:15:22 (8364 turns).

funkygono the Thaumaturge (DsFE)                    Turns: 8364, Time: 00:15:22

Health: -6/58      AC: 10    Str:  9    XL:     9   Next: 65%
Magic:  10/21      EV: 12    Int: 21    God:    Vehumet [*.....]
Gold:   285        SH:  0    Dex: 13    Spells: 9/24 levels left

rFire   . . .      SeeInvis .    n - +2 dagger (venom)
rCold   . . .      Faith    .    (no shield)
rNeg    . . .      Spirit   .    k - +0 steam dragon scales
rPois   .          Reflect  .    D - +0 helmet
rElec   .          Harm     .    G - +0 cloak
rCorr   .          Rampage  .    (no gloves)
Will    .....                    (no boots)
Stlth   ++                       (no amulet)
HPRegen 0.29/turn                (no ring)
MPRegen 0.17/turn                (no ring)

@: lethally poisoned (-6 -> -36), slowed, very slow
A: icy blue scales 2, demonic guardian 2, demonic magic 2
a: Renounce Religion


You were on level 7 of the Dungeon.
You worshipped Vehumet.
Vehumet was aware of your devotion.
You visited 2 branches of the dungeon, and saw 8 of its levels.

You collected 285 gold pieces.

Inventory:

Hand Weapons
 e - a +0 dagger
 n - a +2 dagger of venom (weapon)
 A - a +2 whip of freezing
 F - a +3 great sword of flaming
Armour
 a - a +0 robe
 h - a +0 leather armour
 k - +0 steam dragon scales (worn)
 y - a +1 scale mail of fire resistance
 C - a +2 buckler
 D - a +0 helmet (worn)
 G - a +0 cloak (worn)
Wands
 x - a wand of paralysis (18)
 z - a wand of flame (5)
 B - a wand of polymorph (7)
Scrolls
 d - a scroll of silence
 f - a scroll of blinking
 j - a scroll of identify
 m - 4 scrolls of teleportation
 p - 2 scrolls of amnesia
 w - a scroll of vulnerability
Potions
 b - a potion of magic
 c - 3 potions of flight
 g - 2 potions of haste
 i - 2 potions of invisibility
 l - a potion of curing
 q - 2 potions of berserk rage {unknown}
 r - a potion of lignification {unknown}
 s - a potion of cancellation {unknown}
 t - 2 potions of heal wounds {unknown}
 E - a potion of resistance {unknown}
 H - 2 potions of brilliance {unknown}


   Skills:
 + Level 0.7 Fighting
 + Level 1.6 Short Blades
 + Level 2.9 Dodging
 - Level 1.7 Stealth
 + Level 8.4 Spellcasting
 + Level 5.5 Conjurations
 + Level 7.8 Fire Magic


You had 9 spell levels left.
You knew the following spells:

 Your Spells              Type           Power      Damage    Failure   Level
a - Foxfire               Conj/Fire      100%       2x1d9     1%          1
b - Scorch                Fire           82%        2d9       1%          2
c - Kindle Blastsparks    Fire/Tloc/Air  38%        2d13      8%          3
d - Flame Wave            Conj/Fire      36%        2d10      4%          4
e - Arcjolt               Conj/Air       10%        1d20      56%         5

Your spell library contained the following spells:

 Spells                   Type           Power      Damage    Failure   Level
 Shock                    Conj/Air       80%        1d8       2%          1
 Static Discharge         Conj/Air       40%        2-4/arc   3%          2
 Inner Flame              Hex/Fire       25%        N/A       4%          3
 Ignite Poison            Fire/Tmut/Pois 19%        N/A       8%          3
 Ensorcelled Hibernation  Hex/Ice        16%        N/A       12%         2
 Lesser Beckoning         Tloc           16%        N/A       12%         2
 Passwall                 Tmut/Erth      6%         N/A       12%         2
 Call Canine Familiar     Summ           8%         N/A       22%         3
 Gell's Gravitas          Tloc           8%         N/A       22%         3
 Portal Projectile        Hex/Tloc       16%        N/A       22%         3
 Swiftness                Air            8%         N/A       22%         3
 Teleport Other           Tloc           8%         N/A       22%         3
 Vhi's Electric Charge    Tloc/Air       16%        N/A       22%         3
 Lightning Bolt           Conj/Air       10%        1d23      56%         5
 Leda's Liquefaction      Hex/Erth       4%         N/A       58%         4
 Freezing Cloud           Conj/Ice/Air   8%         6-21      69%         5


Dungeon Overview and Level Annotations

Branches:
Dungeon (7/15)             Temple (1/1) D:4

Altars:
Ashenzari
Cheibriados
Dithmenos
Fedhas
Gozag
Kikubaaqudgha
Makhleb
Okawaru
Qazlal
Ru
Sif Muna
Trog
Uskayaw
Vehumet
Wu Jian
Xom
Yredelemnul

Annotations:
D:6 2 runed translucent doors, ThereIsNoGod's ghost, novice OpFi
D:7 1 runed translucent door, zurenarrh's ghost, novice DrBe


Innate Abilities, Weirdness & Mutations

You are mostly covered in icy blue scales. (AC +3)
A demonic guardian rushes to your aid.
Spells you cast may paralyse nearby enemies.


Message History

You have difficulty breathing.
You feel as though you will be slow longer.
Unknown command.
You feel very sick.
The foxfire hits the kobold brigand.
The kobold brigand is moderately wounded.
The foxfire hits the kobold brigand.
The kobold brigand is moderately wounded.
The kobold brigand throws a curare-tipped dart.
The curare-tipped dart hits you.
You are more poisoned.
You have difficulty breathing.
You feel as though you will be slow longer.
A kobold comes into view.
It is wielding a +0 whip and quivering poisoned darts.
A kobold comes into view. It is wielding a +0 short sword.
You feel extremely sick.
The kobold throws a poisoned dart.
The poisoned dart barely misses you.
The kobold brigand throws a curare-tipped dart.
The curare-tipped dart hits you.
You are lethally poisoned!
You have difficulty breathing.
* * * LOW HITPOINT WARNING * * *
You feel as though you will be slow longer.
A kobold comes into view. It is wielding a +0 dagger.
The kobold throws a poisoned dart.
The poisoned dart hits you!
You are more poisoned.
Casting: Foxfire (safe; 1% risk of failure)
Confirm with . or Enter, or press ? or * to list all spells.
You conjure some foxfire!
Malevolent energies surge around you.
The kobold brigand suddenly stops moving!
The kobold shouts!
* * * LOW HITPOINT WARNING * * *
You feel extremely sick.
You hear a shout! x2; You hear an angry growl.
The kobold throws a poisoned dart.
The poisoned dart closely misses you.
Casting: Foxfire (safe; 1% risk of failure)
Confirm with . or Enter, or press ? or * to list all spells.
You conjure some foxfire!
Malevolent energies surge around you.
The kobold suddenly stops moving!
You die...

,~*>,*~~,,*,*,,*,**,*...##,* *,,*
,~*,,'~~,**,*,**,,,.#....#,***,,*
,~*,,'~~,,,,,,,,,,,.#....#,,.,,,*
,~*,,'~~,*,,,,*****#..(..##.*,,**
,~*∩,*~~,#,*,,* #.....'.,#.,**
,~****~~,#..,,* #.....##...,**
,~~~~~~~,#..K#######........#*,**
,,,,,,,,,#.K..K.v)........#**#.#
****,***,...K.Kv@[........#*##.##
,,,,,,***#.#.#.vv#+#[..##........
***,***,**,#....##W##...######..#
,,,,,,,,,*,#...##...##.)..##....[
*,***,**,,,#..##.....##...##..##.
,,,,,,,*,*....#⌠.!♣?.⌠#.......#..
***,**,,,#.#..##..!..##.....#.#.<
,,,,,*,*,#.#...##...##...#..#.#)#
*,**,,,*,,,**,..##⌠##...#...#.#)#


You could see a kobold brigand (paralysed, ally target), zurenarrh's ghost and 4
kobolds.

Vanquished Creatures
  Pikel (D:5)
  Grinder (D:5)
  Sigmund (D:5)
  A black bear (D:6)
  An orc warrior (D:7)
  An ice beast (D:6)
  A centaur (D:7)
  2 ogres
  A lemure (D:5)
  2 phantoms
  A necrophage (D:4)
  6 wights
  2 scorpions
  6 killer bees (D:7)
  A howler monkey (D:7)
  An orc priest (D:7)
  A jelly (D:6)
  4 hounds
  5 iguanas
  Natasha (thrice) (D:3)
  2 orc wizards
  11 adders
  4 gnolls (D:5)
  A white imp (D:6)
  An ufetubus (D:4)
  2 worms
  6 dart slugs
  26 orcs
  7 endoplasms
  2 giant cockroaches
  12 hobgoblins
  10 jackals
  4 kobolds
  2 quokkas
  9 ball pythons
  9 bats
  4 frilled lizards
  11 goblins
  9 rats
174 creatures vanquished.

Vanquished Creatures (collateral kills)
  A steam dragon (D:7)
  A wight (D:7)
  An orc (D:3)
3 creatures vanquished.

Vanquished Creatures (others)
  547 foxfires
547 creatures vanquished.

Grand Total: 724 creatures vanquished

Notes
Turn   | Place    | Note
-------+----------+-------------------------------------------
     0 | D:1      | funkygono the Demonspawn Fire Elementalist began the quest
                  | for the Orb.
     0 | D:1      | Reached XP level 1. HP: 13/13 MP: 3/3
   247 | D:1      | Gained mutation: Spells you cast may paralyse adjacent
                  | enemies. [demonic ancestry]
   247 | D:1      | Reached XP level 2. HP: 12/19 MP: 1/5
   250 | D:1      | Learned a level 2 spell: Scorch
   758 | D:1      | Reached XP level 3. HP: 24/24 MP: 0/6
   762 | D:1      | Learned a level 3 spell: Kindle Blastsparks
  2055 | D:2      | Gained mutation: You are partially covered in icy blue
                  | scales. (AC +2) [demonic ancestry]
  2055 | D:2      | Reached XP level 4. HP: 29/30 MP: 1/7
  2864 | D:3      | Noticed Natasha
  2869 | D:3      | Killed Natasha
  2870 | D:3      | Reached skill level 3 in Spellcasting
  3145 | D:3      | Gained mutation: You are mostly covered in icy blue scales.
                  | (AC +3) [demonic ancestry]
  3145 | D:3      | Reached XP level 5. HP: 35/35 MP: 5/9
  3202 | D:3      | Noticed a phantom
  3209 | D:3      | Killed a phantom
  3444 | D:3      | Noticed Natasha
  3449 | D:3      | Killed Natasha
  3460 | D:3      | Noticed Natasha
  3466 | D:3      | Killed Natasha
  3467 | D:3      | Gained mutation: A weak demonic guardian rushes to your
                  | aid. [demonic ancestry]
  3467 | D:3      | Reached XP level 6. HP: 37/41 MP: 4/11
  3708 | D:3      | Reached skill level 4 in Spellcasting
  4672 | D:4      | Found a broken altar of Ashenzari.
  4723 | D:4      | Reached skill level 1 in Short Blades
  4837 | D:4      | Reached XP level 7. HP: 22/46 MP: 0/14
  5357 | D:4      | Found a staircase to the Ecumenical Temple.
  5364 | Temple   | Entered the Ecumenical Temple
  5369 | Temple   | Became a worshipper of Vehumet
  5416 | D:4      | Learned a level 4 spell: Flame Wave
  5480 | D:4      | Found a shimmering blue altar of Sif Muna.
  5594 | D:5      | Entered Level 5 of the Dungeon
  5768 | D:5      | Reached skill level 5 in Spellcasting
  6043 | D:5      | Noticed Grinder
  6053 | D:5      | Killed Grinder
  6054 | D:5      | Reached skill level 5 in Fire Magic
  6188 | D:5      | Gained mutation: A demonic guardian rushes to your aid.
                  | [demonic ancestry]
  6188 | D:5      | Reached XP level 8. HP: 52/52 MP: 6/16
  6273 | D:5      | Noticed Pikel
  6318 | D:5      | Killed Pikel
  6319 | D:5      | Reached skill level 6 in Spellcasting
  6518 | D:5      | Noticed Sigmund
  6526 | D:5      | Killed Sigmund
  6862 | D:5      | Learned a level 5 spell: Arcjolt
  6976 | D:6      | Reached skill level 7 in Spellcasting
  7120 | D:6      | Reached skill level 5 in Conjurations
  7120 | D:6      | Gained mutation: Spells you cast may paralyse nearby
                  | enemies. [demonic ancestry]
  7120 | D:6      | Reached XP level 9. HP: 58/58 MP: 15/19
  7207 | D:6      | Found a burning altar of Makhleb.
  7456 | D:6      | Found an ornate altar of the Wu Jian Council.
  7662 | D:6      | Found a large runed translucent door.
  7662 | D:6      | Found a large runed translucent door.
  7664 | D:6      | Noticed ThereIsNoGod's ghost (novice OpFi)
  8033 | D:7      | Found a runed translucent door.
  8033 | D:7      | Noticed zurenarrh's ghost (novice DrBe)
  8051 | D:7      | Reached * piety under Vehumet
  8051 | D:7      | Offered knowledge of Shock by Vehumet.
  8083 | D:7      | HP: 1/54 [wight/+0 great sword (5)]
  8306 | D:7      | Reached skill level 8 in Spellcasting
  8364 | D:7      | Succumbed to a kobold's poison

Illustrated notes

Levels and vault maps discovered:
D:1:      onia_arrival_pyramid, layout_basic, chequers_serial_rivers_small_3,
          kennysheep_another_room
D:2:      minmay_inner_zag, layout_loops_ring
D:3:      layout_basic, st_stairs_14, minmay_misc_feat_rugged,
          amcnicky_mini_pool_small, uniq_natasha
D:4:      layout_cave_pools, lemuel_blue_sif_altar,
          mainiacjoe_overflow_divided_tiny, minmay_temple_entry_nine_rooms,
          minmay_circle_x
D:5:      layout_basic, grunt_decor_fettered, uniq_grinder, uniq_pikel,
          uniq_sigmund
D:6:      layout_cave_pools, pdpol_wu_jian_five_deadly_venoms,
          mainiacjoe_overflow_alcove_2, ebering_ghost_disaster_area
D:7:      layout_basic, hellmonk_ghost_happy_afterlife, enter_bailey_4,
          nicolae_concentric_dashed_squares_mild, kennysheep_generic_room_11
Temple:   minmay_freezing_vapour_temple

Skill      XL: |  1  2  3  4  5  6  7  8  9 |
---------------+----------------------------+-----
Fire Magic     | 3 4 5 6 7 |  7.8
Dodging        | 2 |  2.9
Conjurations   | 2 3 5 |  5.5
Spellcasting   | 3 4 5 7 8 |  8.4
Short Blades   | 1 |  1.6
Fighting       | |  0.7
Stealth        | |  1.7

Action                   |  1- 3 |  4- 6 |  7- 9 || total
-------------------------+-------+-------+-------++-------
Melee: Dagger            |     5 |    22 |    23 ||    50
 Cast: Foxfire           |    70 |   106 |   146 ||   322
       Scorch            |     6 |    16 |    39 ||    61
       Flame Wave        |       |       |     4 ||     4
  Use: Potion            |       |       |     2 ||     2
       Scroll            |       |       |    15 ||    15
 Stab: Paralysed         |     4 |    10 |    14 ||    28
       Distracted        |       |     1 |       ||     1
Armor: Robe              |     3 |    10 |     5 ||    18
Dodge: Dodged            |     9 |    15 |    25 ||    49

Table legend: (Time is in decaauts)
 A = Elapsed time spent in this place.
 B = Non-inter-level travel time spent in this place.
 C = Inter-level travel time spent in this place.
 D = Time resting spent in this place.
 E = Time spent auto-exploring this place.
 F = Levels seen in this place.
 G = Mean time per level.
                   A        B        C        D        E       F      G
               +--------+--------+--------+--------+--------+-----+--------+
         Total |   8382 |   8057 |    325 |    272 |   6339 |   8 | 1047.8 |
       Dungeon |   8371 |   8052 |    319 |    272 |   6339 |   7 | 1195.9 |
        Temple |     10 |      5 |      5 |      0 |      0 |   1 |   10.0 |
               +--------+--------+--------+--------+--------+-----+--------+

Top non-repeatable levels by time:
     D:3: 1995 daAuts
     D:1: 1351 daAuts
     D:5: 1244 daAuts
     D:2: 1237 daAuts
     D:6: 1233 daAuts
     D:4: 1061 daAuts
     D:7: 248 daAuts
  Temple: 10 daAuts
